 Dungeon Crawl Stone Soup version 0.26-a0-651-gb41185065b (webtiles) character file.

Game seed: 7152332196676208914

4151 tilp the Covert (level 10, -6/49 HPs)
             Began as a Spriggan Enchanter on Oct 21, 2020.
             Was a Believer of Dithmenos.
             Mangled by a wight
             ... wielding a cursed +3 spear of freezing
              (10 damage)
             ... on level 8 of the Dungeon on Oct 22, 2020.
             The game lasted 00:21:00 (10717 turns).

tilp the Covert (Spriggan Enchanter)               Turns: 10717, Time: 00:21:01

Health: -6/49      AC:  4    Str:  4    XL:     10   Next: 7%
Magic:  8/17       EV: 23    Int: 21    God:    Dithmenos [**....]
Gold:   515        SH:  7    Dex: 16    Spells: 5/17 levels left

rFire    . . .     SeeInvis +   a - +2 dagger (venom)
rCold    . . .     Faith    .   w - +0 buckler
rNeg     + . .     Spirit   .   n - +1 robe
rPois    .         Reflect  .   (helmet restricted)
rElec    .         Harm     .   F - +0 cloak
rCorr    .         Rampage  .   (gloves unavailable)
MR       +....                  (boots unavailable)
Stlth    +++++.....             l - amulet of magic regeneration
HPRegen  0.16/turn              o - ring of positive energy
MPRegen  0.40/turn              J - ring of flight

@: wreathed by umbra, very quick
A: very small, unfitting armour, see invisible, speed 3
a: Shadow Step, Renounce Religion, Evoke Flight


You were on level 8 of the Dungeon.
You worshipped Dithmenos.
Dithmenos was pleased with you.
You visited 2 branches of the dungeon, and saw 9 of its levels.

You collected 515 gold pieces.

Inventory:

Hand Weapons
 a - a +2 dagger of venom (weapon)
 b - a +1 dagger
 c - a +1 vorpal hand axe
Missiles
 x - 19 poisoned darts (quivered)
 C - a throwing net {!f}
 L - 6 curare-tipped darts
Armour
 n - a +1 robe (worn)
 w - a +0 buckler (worn)
 F - a +0 cloak (worn)
Jewellery
 l - an amulet of magic regeneration (around neck)
 o - a ring of positive energy (left hand)
 J - a ring of flight (right hand)
Wands
 s - a wand of paralysis (4)
 y - a wand of polymorph (19)
 D - a wand of iceblast (9)
 G - a wand of digging (5)
 K - a wand of enslavement (9)
Scrolls
 h - 4 scrolls of fear
 j - 2 scrolls of blinking
 k - 3 scrolls of teleportation
 m - 5 scrolls of remove curse
 p - a scroll of enchant weapon {unknown}
 q - 3 scrolls of enchant armour
 r - a scroll of immolation {unknown}
 A - a scroll of magic mapping {unknown}
 B - a scroll of amnesia
 H - a scroll of fog {unknown}
Potions
 d - 8 potions of curing
 e - a potion of might {unknown}
 f - a potion of magic {unknown}
 g - 4 potions of heal wounds
 i - 3 potions of flight
 t - a potion of haste {unknown}
 u - 3 potions of lignification
 v - 2 potions of cancellation {unknown}
 z - 2 potions of degeneration {unknown}
 E - 3 potions of stabbing {unknown}


   Skills:
 - Level 3.0 Fighting
 + Level 6.4 Short Blades
 - Level 8.0 Dodging
 + Level 9.7 Stealth
 - Level 4.0 Shields
 - Level 4.0 Spellcasting
 - Level 8.0 Hexes
 + Level 3.2 Invocations
 - Level 6.0 Evocations


You had 5 spell levels left.
You knew the following spells:

 Your Spells              Type           Power        Failure   Level
a - Corona                Hex            #####..      1%          1
b - Ensorcelled Hibernat  Hex/Ice        ###...       4%          2
c - Confusing Touch       Hex            #####...     1%          3
d - Tukima's Dance        Hex            #####...     1%          3
e - Dazzling Flash        Conj/Hex       ###...       9%          3

Your spell library contained the following spells:

 Spells                   Type           Power        Failure   Level


Dungeon Overview and Level Annotations

Branches:
Dungeon (8/15)             Temple (1/1) D:5
   Lair: D:8-11

Altars:
Ashenzari
Cheibriados
Dithmenos
Elyvilon
Fedhas
Gozag
Hepliaklqana
Kikubaaqudgha
Makhleb
Nemelex Xobeh
Okawaru
Qazlal
Ru
Sif Muna
Trog
Uskayaw
Vehumet
Wu Jian
Xom
Yredelemnul
Zin
The Shining One


Innate Abilities, Weirdness & Mutations

You are very small and have problems with some larger weapons.
You are too small for most types of armour.
You have supernaturally acute eyesight. (SInv)
You cover ground extremely quickly.


Message History

The killer bee completely misses you.
Casting: Dazzling Flash (dangerous; 9% risk of failure)
Confirm with . or Enter, or press ? or * to list all spells.
You can't see any susceptible monsters within range! (Use Z to cast anyway.) Unknown command. 2 wights come into view.
A wight is wielding a +3 spear of freezing.
You hear an angry buzzing noise.
The killer bee closely misses you.
The killer bee rages. x2
You hear an angry buzzing noise.
The killer bee stings you!
* * * LOW HITPOINT WARNING * * *
You hear an angry buzzing noise. x2
The killer bee completely misses you.
You hear an angry buzzing noise.
You hear an angry buzzing noise.
You block the killer bee's attack.
The wight hits you from afar with a cursed +3 spear of freezing!
You die...

+....)...).#
#..........########
#.................#P..P..P..P
#.........>.......#P..P..P..P#
##########........#P..P..P..P#
#........#P..P..P..P#
...........z#P..P..P..P#
###.........#P..P..P..P#
#.......@z#......P..P#
#.#######y#..yP..P..P# #.
#y#Pyy†[....P# #
#y#####y'##### #...yy.).#
##########


You could see 3 killer bees and 2 wights.

Vanquished Creatures
  A queen bee (D:8)
  Grinder (D:3)
  Sigmund (D:2)
  2 water moccasins
  Duvessa (D:4)
  3 orc warriors
  A phantom (D:5)
  A black bear (D:6)
  An ice beast (D:6)
  A sky beast (D:7)
  5 ogres
  2 big kobolds (D:7)
  6 bullfrogs
  Dowan (D:4)
  3 scorpions
  3 killer bees (D:8)
  3 wights (D:8)
  3 bullfrog zombies (D:5)
  A bullfrog skeleton (D:6)
  2 hounds
  A jelly (D:8)
  2 orc priests (D:6)
  5 orc wizards
  2 centaur skeletons
  Crazy Yiuf (D:6)
  Jessica (D:3)
  3 iguanas
  Ijyb (D:3)
  7 worker ants
  A hound zombie (D:5)
  A hound skeleton (D:7)
  4 worker ant zombies
  10 gnolls
  2 howler monkey skeletons
  9 adders
  A shadow imp (D:7)
  2 white imps
  2 oozes (D:3)
  4 adder zombies (D:5)
  5 worms
  4 leopard geckos
  14 orcs
  5 giant cockroaches
  10 goblins
  9 hobgoblins
  5 jackals
  24 kobolds
  5 quokkas
  4 ball pythons
  14 bats
  11 frilled lizards
  A giant cockroach zombie (D:5)
  A leopard gecko skeleton (D:5)
  2 quokka skeletons
  A quokka zombie (D:5)
  12 rats
228 creatures vanquished.

Vanquished Creatures (others)
  12 fungi (D:8)
  24 plants (D:8)
  3 withered plants (D:5)
39 creatures vanquished.

Grand Total: 267 creatures vanquished

Notes
Turn   | Place    | Note
-------+----------+-------------------------------------------
     0 | D:1      | tilp the Spriggan Enchanter began the quest for the Orb.
     0 | D:1      | Reached XP level 1. HP: 9/9 MP: 5/5
   437 | D:1      | Reached XP level 2. HP: 13/13 MP: 6/6
   441 | D:1      | Learned a level 2 spell: Ensorcelled Hibernation
   620 | D:1      | You fall into a shaft and drop 1 floor!
   629 | D:2      | Reached skill level 5 in Stealth
   985 | D:2      | Reached XP level 3. HP: 16/16 MP: 8/8
   990 | D:2      | Learned a level 3 spell: Confusing Touch
  1591 | D:2      | Noticed Sigmund
  1595 | D:2      | Killed Sigmund
  1595 | D:2      | Reached skill level 7 in Stealth
  1595 | D:2      | Reached XP level 4. HP: 21/21 MP: 4/9
  1595 | D:2      | Reached XP level 5. HP: 24/24 MP: 4/10
  2790 | D:3      | Noticed Ijyb
  2797 | D:3      | Killed Ijyb
  2797 | D:3      | Reached skill level 8 in Stealth
  2846 | D:3      | Reached XP level 6. HP: 24/28 MP: 4/11
  2907 | D:3      | Learned a level 3 spell: Tukima's Dance
  2949 | D:3      | Noticed Grinder
  2956 | D:3      | Killed Grinder
  2956 | D:3      | Reached skill level 5 in Short Blades
  3258 | D:3      | Noticed Jessica
  3276 | D:3      | Killed Jessica
  3276 | D:3      | Reached skill level 5 in Hexes
  3417 | D:3      | Reached XP level 7. HP: 32/32 MP: 14/14
  3605 | D:3      | Found a broken altar of Ashenzari.
  4125 | D:4      | Reached skill level 1 in Shields
  4210 | D:4      | Reached skill level 1 in Evocations
  4352 | D:4      | Noticed Duvessa
  4391 | D:4      | Noticed Dowan
  4703 | D:5      | Entered Level 5 of the Dungeon
  4713 | D:5      | Found a staircase to the Ecumenical Temple.
  4737 | Temple   | Entered the Ecumenical Temple
  5389 | D:5      | Reached XP level 8. HP: 29/36 MP: 11/15
  6794 | D:6      | Found a basalt altar of Yredelemnul.
  6807 | D:6      | Found a shadowy altar of Dithmenos.
  6811 | D:6      | Became a worshipper of Dithmenos the Shadowed
  6817 | D:6      | Found a white marble altar of Elyvilon.
  6820 | D:6      | Found an opulent altar of Gozag.
  7113 | D:6      | Reached skill level 1 in Fighting
  7399 | D:6      | Found a runed translucent door.
  7400 | D:6      | Noticed Crazy Yiuf
  7407 | D:6      | Killed Crazy Yiuf
  7816 | D:6      | Reached skill level 5 in Dodging
  7854 | D:6      | Reached XP level 9. HP: 18/42 MP: 8/16
  8531 | D:6      | Found an ancient bone altar of Kikubaaqudgha.
  8549 | D:6      | Reached * piety under Dithmenos
  8606 | D:6      | Found a shimmering blue altar of Sif Muna.
  8875 | D:4      | Killed Duvessa
  8878 | D:4      | Killed Dowan
  8959 | D:7      | Found a shimmering altar of Xom.
  9394 | D:7      | Reached skill level 1 in Invocations
  9728 | D:7      | Reached skill level 5 in Evocations
 10050 | D:7      | Learned a level 3 spell: Dazzling Flash
 10076 | D:8      | Reached skill level 9 in Stealth
 10277 | D:8      | Reached ** piety under Dithmenos
 10686 | D:8      | Noticed a queen bee
 10692 | D:8      | Reached XP level 10. HP: 45/49 MP: 11/17
 10717 | D:8      | Mangled by a wight

Illustrated notes

Levels and vault maps discovered:
D:1:      saegor_arrival_simple_c, layout_basic, st_stairs_4,
          hangedman_abyss_or_decor_lesser_grid
D:2:      layout_basic, uniq_sigmund
D:3:      minmay_thinvault, layout_basic, lemuel_tele_altar, uniq_ijyb,
          uniq_grinder, uniq_jessica
D:4:      layout_cave_pools, uniq_duvessa
D:5:      layout_basic, temple_doors_e, serial_undead, serial_undead_b,
          serial_undead_b, serial_undead_a, serial_undead_e, serial_undead_c,
          serial_undead_d, lightli_corner_chamber
D:6:      layout_basic, lemuel_blue_sif_altar, grunt_temple_overflow_cloverleaf,
          kiku_gazebo_pond_becter, uniq_crazy_yiuf_cottage
D:7:      layout_loops_corners, xom_teletrap_fun
D:8:      layout_basic, grunt_lair_entry_orc_guard_hut,
          nicolae_looking_at_the_future
Temple:   eino_temple_scatter_basement

Skill      XL: |  1  2  3  4  5  6  7  8  9 10 |
---------------+-------------------------------+-----
Stealth        | 5 7 8 9 |  9.7
Short Blades   | 2 4 5 6 |  6.4
Spellcasting   | 4 |  4.0
Hexes          | 5 6 8 |  8.0
Shields        | 2 4 |  4.0
Evocations     | 3 4 5 6 |  6.0
Fighting       | 2 3 |  3.0
Dodging        | 5 8 |  8.0
Invocations    | 3 |  3.2

Action                   |  1- 3 |  4- 6 |  7- 9 | 10-12 || total
-------------------------+-------+-------+-------+-------++-------
Melee: Dagger            |    80 |   143 |   411 |     8 ||   642
       Short sword       |       |     3 |       |       ||     3
 Cast: Corona            |     7 |       |       |       ||     7
       Ensorcelled Hiber |    18 |    19 |   119 |     2 ||   158
       Confusing Touch   |       |     2 |    29 |       ||    31
       Dazzling Flash    |       |       |       |     2 ||     2
Evoke: Wand              |       |       |     1 |       ||     1
  Use: Scroll            |     4 |       |     7 |       ||    11
       Potion            |       |       |       |     2 ||     2
 Stab: Sleeping          |    21 |    29 |    91 |     1 ||   142
       Confused          |       |     1 |    29 |       ||    30
       Distracted        |       |       |     1 |       ||     1
Armor: Robe              |     8 |    15 |    15 |     5 ||    43
Dodge: Dodged            |    81 |   129 |   235 |    85 ||   530
Block: Buckler           |       |       |    34 |    23 ||    57

Table legend: (Time is in decaauts)
 A = Elapsed time spent in this place.
 B = Non-inter-level travel time spent in this place.
 C = Inter-level travel time spent in this place.
 D = Time resting spent in this place.
 E = Time spent auto-exploring this place.
 F = Levels seen in this place.
 G = Mean time per level.
                   A        B        C        D        E       F      G
               +--------+--------+--------+--------+--------+-----+--------+
         Total |   8424 |   8125 |    299 |   3559 |   2911 |   9 |  936.0 |
       Dungeon |   8332 |   8038 |    294 |   3559 |   2824 |   8 | 1041.5 |
        Temple |     92 |     87 |      5 |      0 |     86 |   1 |   92.0 |
               +--------+--------+--------+--------+--------+-----+--------+

Top non-repeatable levels by time:
     D:5: 1925 daAuts
     D:2: 1304 daAuts
     D:6: 1299 daAuts
     D:3: 1094 daAuts
     D:1: 887 daAuts
     D:7: 798 daAuts
     D:8: 573 daAuts
     D:4: 448 daAuts
  Temple: 92 daAuts
